 Dungeon Crawl Stone Soup version 0.25.1-2-g60ff931df9 (webtiles) character file.

Game seed: 1524011921884961718

201 Curus the Spear-Bearer (level 5, -4/41 HPs)
             Began as a Merfolk Berserker on Aug 5, 2020.
             Was a Believer of Trog.
             Slain by a gnoll
             ... wielding a cursed +0 spear
              (8 damage)
             ... on level 4 of the Dungeon.
             The game lasted 00:11:19 (2479 turns).

Curus the Spear-Bearer (Merfolk Berserker)          Turns: 2479, Time: 00:11:20

Health: -4/41      AC:  6    Str: 18    XL:     5   Next: 79%
Magic:  5/5        EV:  6    Int:  7    God:    Trog [**....]
Gold:   123        SH:  0    Dex: 13    Spells: 4/4 levels left

rFire    . . .     SeeInvis .   j - +0 trident
rCold    . . .     Gourm    .   (no shield)
rNeg     . . .     Faith    .   g - +0 ring mail
rPois    .         Spirit   .   h - +0 helmet
rElec    .         Reflect  .   (no cloak)
rCorr    .         Harm     .   (no gloves)
MR       .....                  (no boots)
Stlth    +.........             (no amulet)
HPRegen  0.13/turn              (no ring)
MPRegen  0.09/turn              (no ring)

@: berserk cooldown, held, slowed, very slow
A: change form in water, swift swim, stealthy swim
a: Berserk, Trog's Hand, Renounce Religion


You were on level 4 of the Dungeon.
You worshipped Trog.
Trog was pleased with you.
You were not hungry.

You visited 1 branch of the dungeon, and saw 4 of its levels.

You collected 123 gold pieces.

Inventory:

Hand Weapons
 a - a +0 spear
 j - a +0 trident (weapon)
Armour
 b - a +0 animal skin
 g - a +0 ring mail (worn)
 h - a +0 helmet (worn)
Wands
 f - a wand of iceblast (10)
Scrolls
 d - a scroll of remove curse
 e - 2 scrolls of fog
 i - a scroll of identify
Comestibles
 c - 4 rations


   Skills:
 - Level 3.2 Fighting
 + Level 9.1 Polearms
 - Level 1.3 Armour
 - Level 2.6 Dodging


You had 4 spell levels left.
You didn't know any spells.
Your spell library was empty.

Dungeon Overview and Level Annotations

Branches:
Dungeon (4/15)
 Temple: D:4-7

Altars:

Annotations:
D:3 Grinder


Message History

Trog accepts your kill. The quokka barely misses you.
You puncture the worm!
The worm is heavily wounded.
The gnoll hits you from afar with a cursed +0 spear.
* * * LOW HITPOINT WARNING * * *
The quokka bites you but does no damage.
You feel a strong urge to attack something.
You puncture the quokka!
You kill the quokka!
Trog accepts your kill.
You are no longer berserk.
You are exhausted.
You feel yourself slow down.
You eat one of the 5 rations.
That ration really hit the spot!
The gnoll throws a throwing net.
The throwing net hits you.
You become entangled in the net!
You tear a large gash into the net.
The gnoll hits you from afar with a cursed +0 spear!
You die...

#.........#
#.........#
#.........#
..###.....(...#
.......†......#
##.$.......#
#....g.....#
##..w#..#####
#.##...(@.......
##
#.....#.####....
.. ...##...# #...
#. ## ##..## ...
##.######...# ##
# #.....##...##
.###........[##
..##......######
#........#.......


You could see a worm and a gnoll.

Vanquished Creatures
  A gnoll shaman (D:3)
  An orc priest (D:3)
  7 gnolls
  An adder (D:2)
  2 dart slugs (D:1)
  2 leopard geckos
  6 orcs (D:3)
  6 bats
  3 giant cockroaches
  10 hobgoblins
  5 kobolds
  A quokka (D:4)
  A ball python (D:3)
  4 frilled lizards
  6 goblins
  4 rats
60 creatures vanquished.

Notes
Turn   | Place    | Note
-------+----------+-------------------------------------------
     0 | D:1      | Curus the Merfolk Berserker began the quest for the Orb.
     0 | D:1      | Reached XP level 1. HP: 18/18 MP: 1/1
     6 | D:1      | Noticed a swamp worm
     6 | D:1      | Noticed a worker ant
     7 | D:1      | Noticed a wyvern
     7 | D:1      | Noticed a salamander
   211 | D:1      | Reached skill level 5 in Polearms
   221 | D:1      | Reached XP level 2. HP: 11/24 MP: 2/2
  1159 | D:1      | Reached skill level 6 in Polearms
  1159 | D:1      | Reached XP level 3. HP: 29/29 MP: 3/3
  1606 | D:2      | Reached ** piety under Trog
  1905 | D:3      | Reached skill level 7 in Polearms
  1905 | D:3      | Reached XP level 4. HP: 24/35 MP: 4/4
  1939 | D:3      | Reached skill level 8 in Polearms
  1939 | D:3      | Reached XP level 5. HP: 31/41 MP: 5/5
  2186 | D:3      | Noticed Grinder
  2459 | D:4      | Reached skill level 9 in Polearms
  2479 | D:4      | Slain by a gnoll

Illustrated notes

Levels and vault maps discovered:
D:1:      onia_arrival_zoo_common, layout_loops_corners
D:2:      minmay_wonky_spiral, layout_rooms,
          hangedman_abyss_or_decor_lesser_grid
D:3:      layout_loops_ring, grunt_temple_overflow_opulence,
          yredelemnul_forgotten_temple_becter, gup_sewer_entry_spiral,
          minmay_misc_feat_roman, st_stairs_11, uniq_grinder
D:4:      layout_rooms, led_sif_pool, lemuel_temple_firewalk_b,
          tgw_kikubaaqudgha

Skill      XL: |  1  2  3  4  5 |
---------------+----------------+-----
Polearms       | 5 6 7 8 9 |  9.1
Fighting       | |  3.2
Armour         | |  1.3
Dodging        | |  2.6

Action                   |  1- 3 |  4- 6 || total
-------------------------+-------+-------++-------
Melee: Spear             |   163 |    63 ||   226
       Trident           |       |    28 ||    28
Invok: Berserk           |     1 |     3 ||     4
  Use: Scroll            |     4 |     1 ||     5
       Potion            |     5 |     2 ||     7
 Stab: Sleeping          |     1 |       ||     1
  Eat: Chunk             |     4 |     3 ||     7
       Ration            |       |     1 ||     1
Armor: Animal skin       |     4 |       ||     4
       Ring mail         |    26 |    23 ||    49
Dodge: Dodged            |    88 |    60 ||   148
